AoeStats
← 大汉天子·玄德·GOOD

Arabia

509609758Analyzed
1v1 RM · 3d ago on Sep 27, 2026· 23m 32s· 2 players
Game mode
Random Map
Map size
Tiny (2 player)
Population
200
Speed
Normal
Resources
Standard
Victory
Conquest
Starting age
Dark Age
Ending age
Imperial Age
RankedLock teamsTeams togetherTeam positionsShared explorationLock speedFull tech treeHidden civsTurbo modeCheats
Victory
Defeat
🇫🇮 Vietnamese · Finland
1361
+16
🇬🇧 Varangians · United Kingdom
1358
-16
大汉天子·玄德·GOOD
6:27 Loom
8:55 Feudal Age
11:46 Bloodlines
13:49 Forging
15:43 Scale Barding Armor
19:12 Horse Collar
KATOHHEI
6:51 Loom
9:09 Feudal Age
10:26 Gold Mining
11:27 Fletching
19:26 Padded Archer Armor
22:22 Double-Bit Axe
Connection lost

Rejoining the realm…

Still unreachable

The connection could not be restored.

Session expired

The server has moved on; the page needs a fresh start.